 Dungeon Crawl Stone Soup version 0.31-a0-1626-g5cb510d322 (webtiles) character file.

Game seed: 1295922371944739895

80 GordonOverkill the Sneak (level 4, -5/24 HPs)
             Began as a Spriggan Delver on Jan 12, 2024.
             Killed by a malign offering
             ... invoked by a burial acolyte
              (12 damage)
             ... in an ossuary.
             The game lasted 00:02:37 (482 turns).

GordonOverkill the Sneak (Spriggan Delver)           Turns: 482, Time: 00:02:37

Health: -5/24      AC:  2    Str:  8    XL:     4   Next: 18%
Magic:  5/5        EV: 18    Int: 13    God:
Gold:   31         SH:  0    Dex: 16    Spells: 3/3 levels left

rFire   . . .        a - +0 short sword
rCold   . . .        (no shield)
rNeg    . . .        b - +0 robe
rPois   .            (helmet restricted)
rElec   .            (no cloak)
rCorr   .            (gloves unavailable)
SInv    +            (boots unavailable)
Will    .....        (no amulet)
Stlth   ++++         (no ring)
HPRegen 0.24/turn    (no ring)
MPRegen 0.09/turn

%: no passive effects
@: hasted, very quick
A: very small, no large weapons, unfitting armour, see invisible, speed 3
a: no special abilities


You were in an ossuary.
You visited 1 branch of the dungeon, and saw 3 of its levels.
You also visited: Ossuary.

You collected 31 gold pieces.

Inventory:

Hand Weapons
 a - a +0 short sword (weapon)
Armour
 b - a +0 robe (worn)
Wands
 g - a wand of digging (3)
Scrolls
 c - a scroll of fog
 d - a scroll of revelation
 e - a scroll of fear
 h - a scroll of identify {unknown}
 i - a scroll of teleportation {unknown}


   Skills:
 - Level 3.0 Fighting
 - Level 4.0 Short Blades
 + Level 3.5 Dodging
 - Level 7.2 Stealth


You had 3 spell levels left.
You didn't know any spells.
Your spell library was empty.

Dungeon Overview and Level Annotations

Branches:
Dungeon (7/15)            Ossuary (1/1)
 Temple: D:4-7

Altars:
Fedhas

Annotations:
D:6 exclusions: ice beast and phantom


Innate Abilities, Weirdness & Mutations

You are very small and have problems with some larger weapons.
You are too small for most types of armour.
You have supernaturally acute eyesight. (SInv)
You cover ground extremely quickly. (Speed+++)


Message History

Your life force is offered up.
* * * LOW HITPOINT WARNING * * *
The burial acolyte is healed.
You closely miss the burial acolyte.
The burial acolyte is severely wounded.
You hit the burial acolyte.
The burial acolyte is severely wounded.
The burial acolyte misses you.
You barely miss the burial acolyte.
The burial acolyte is severely wounded.
You hit the burial acolyte but do no damage.
The burial acolyte is severely wounded.
The gnoll zombie no longer looks unusually strong.
The gnoll zombie is no longer moving quickly.
The burial acolyte completely misses you.
You hit the burial acolyte.
The burial acolyte is almost dead.
You hit the burial acolyte but do no damage.
The burial acolyte is almost dead.
The burial acolyte hits you but does no damage.
You closely miss the burial acolyte.
The burial acolyte is almost dead.
The burial acolyte drones a funeral chant.
The gnoll zombie is empowered.
You barely miss the burial acolyte.
The burial acolyte is almost dead.
You miss the burial acolyte.
The burial acolyte is almost dead.
The burial acolyte hits you with a +0 dagger.
* * * LOW HITPOINT WARNING * * *
You hit the burial acolyte but do no damage.
The burial acolyte is almost dead.
You barely miss the burial acolyte.
The burial acolyte is almost dead.
You hit the burial acolyte but do no damage.
The burial acolyte is almost dead.
The burial acolyte utters a dark prayer and points at you.
Your life force is offered up.
Ouch! That really hurt!
You die...

######### ####
#∩..#...#?!!!#
#..Zp.∩.#?$)?+
#...#@..#!??!#
#...##### ###
#...# ###'#
#...# #...#
#...# #...#
#'###


You could see a burial acolyte and a gnoll zombie (strong, swift).

Vanquished Creatures
  A bullfrog (D:7)
  A howler monkey skeleton (D:7)
  6 gnoll zombies (Ossuary)
  An orc zombie (Ossuary)
9 creatures vanquished.

Notes
Turn   | Place    | Note
-------+----------+-------------------------------------------
     0 | D:5      | GordonOverkill the Spriggan Delver began the quest for the
                  | Orb.
     0 | D:5      | Reached XP level 1. HP: 11/11 MP: 2/2
    29 | D:6      | Noticed a phantom
    81 | D:6      | Noticed an ice beast
   178 | D:7      | Noticed a bullfrog
   184 | D:7      | Killed a bullfrog
   185 | D:7      | Reached XP level 2. HP: 7/16 MP: 3/3
   185 | D:7      | Reached XP level 3. HP: 8/20 MP: 4/4
   254 | D:7      | Found a blossoming altar of Fedhas.
   278 | D:7      | Noticed a sky beast
   301 | D:7      | Found a sand-covered staircase.
   319 | D:7      | Reached XP level 4. HP: 12/24 MP: 5/5
   365 | Ossuary  | Entered an ossuary
   482 | Ossuary  | Killed from afar by a burial acolyte

Illustrated notes

Levels and vault maps discovered:
D:5:      layout_loops_ring, makhleb_grotto_becter, kennysheep_ying_yang
D:6:      layout_basic, mainiacjoe_overflow_catwalk,
          mainiacjoe_overflow_brackets, minmay_temple_entry_trees
D:7:      layout_cave_pools, fedhas_altar_3, ebering_ghost_inner_flame,
          mainiacjoe_ossuary_entry_find_the_door, blue_anna_alchemist,
          nicolae_houndstooth_variations
Ossuary:  ossuary_tomb_2

Skill      XL: |  1 |
---------------+----+-----
Fighting       | 3 |  3.0
Short Blades   | 4 |  4.0
Dodging        | 3 |  3.5
Stealth        | |  7.2

Action                     |  1- 3 |  4- 6 || total
---------------------------+-------+-------++-------
  Melee: Short sword       |    17 |    47 ||    64
         Punch             |     1 |       ||     1
    Use: Scroll            |     1 |       ||     1
         Potion            |       |     1 ||     1
   Stab: Sleeping          |     1 |     5 ||     6
 Armour: Robe              |     4 |     5 ||     9
  Dodge: Dodged            |    10 |    17 ||    27

Table legend: (Time is in decaauts)
 A = Elapsed time spent in this place.
 B = Non-inter-level travel time spent in this place.
 C = Inter-level travel time spent in this place.
 D = Time resting spent in this place.
 E = Time spent auto-exploring this place.
 F = Levels seen in this place.
 G = Mean time per level.
                   A        B        C        D        E       F      G
               +--------+--------+--------+--------+--------+-----+--------+
         Total |    347 |    309 |     38 |    102 |      0 |   4 |   86.8 |
       Dungeon |    263 |    225 |     38 |     88 |      0 |   3 |   87.7 |
       Ossuary |     83 |     83 |      0 |     14 |      0 |   1 |   83.0 |
               +--------+--------+--------+--------+--------+-----+--------+

Top non-repeatable levels by time:
     D:7: 154 daAuts
     D:6: 107 daAuts
 Ossuary: 83 daAuts
     D:5: 1 daAuts
